 Dungeon Crawl Stone Soup version 0.31-a0-1529-g7bd419a0e5 (webtiles) character file.

Game seed: 10901534040063454362

109 voltaire321 the Sneak (level 5, -11/29 HPs)
             Began as a Kobold Enchanter on Dec 31, 2023.
             Killed by nerve-wracking pain
             ... invoked by an orc priest
              (14 damage)
             ... on level 3 of the Dungeon.
             The game lasted 00:07:20 (2351 turns).

voltaire321 the Sneak (Kobold Enchanter)            Turns: 2351, Time: 00:07:20

Health: -11/29     AC:  3    Str:  7    XL:     5   Next: 13%
Magic:  0/9        EV: 15    Int: 16    God:
Gold:   77         SH:  0    Dex: 16    Spells: 3/9 levels left

rFire   . . .        a - +1 dagger
rCold   . . .        (no shield)
rNeg    . . .        b - +0 robe
rPois   .            (no helmet)
rElec   .            e - +0 cloak
rCorr   .            (no gloves)
SInv    .            (no boots)
Will    .....        (no amulet)
Stlth   ++++         (no ring)
HPRegen 0.24/turn    (no ring)
MPRegen 0.11/turn

%: no passive effects
@: no status effects
A: small, no large weapons, nightstalker 3
a: no special abilities


You were on level 3 of the Dungeon.
You visited 1 branch of the dungeon, and saw 3 of its levels.

You collected 77 gold pieces.

Inventory:

Hand Weapons
 a - a +1 dagger (weapon)
Armour
 b - a +0 robe (worn)
 e - a +0 cloak (worn)
Scrolls
 d - a scroll of amnesia {unknown}
 f - 2 scrolls of teleportation {unknown}
 g - a scroll of vulnerability {unknown}
 h - 2 scrolls of identify {unknown}
 m - a scroll of enchant weapon {unknown}
 n - a scroll of poison {unknown}
 o - a scroll of fog {unknown}
Potions
 c - 3 potions of invisibility
 i - a potion of lignification {unknown}
 j - a potion of attraction {unknown}
 k - a potion of mutation {unknown}
 l - a potion of curing {unknown}


   Skills:
 + Level 1.3 Fighting
 + Level 2.4 Short Blades
 + Level 3.0 Dodging
 + Level 4.7 Stealth
 + Level 2.7 Spellcasting
 + Level 3.3 Hexes
 + Level 1.2 Ice Magic
 + Level 0.7 Earth Magic


You had 3 spell levels left.
You knew the following spells:

 Your Spells              Type           Power      Damage    Failure   Level
a - Ensorcelled Hibernat  Hex/Ice        18%        N/A       11%         2
b - Confusing Touch       Hex            13%        N/A       14%         3
c - Sandblast             Erth           8%         2d5       14%         1

Your spell library contained the following spells:

 Spells                   Type           Power      Damage    Failure   Level
 Tukima's Dance           Hex            13%        N/A       14%         3
 Dazzling Flash           Conj/Hex       14%        N/A       28%         3
 Passwall                 Erth           4%         N/A       38%         3
 Stone Arrow              Conj/Erth      6%         3d7       45%         3
 Brom's Barrelling Bould  Conj/Erth      3%         2d3       86%         4


Dungeon Overview and Level Annotations

Branches:
Dungeon (3/15)

Altars:


Innate Abilities, Weirdness & Mutations

You are small and have problems with some larger weapons.
You are completely attuned to the shadows.


Message History

The orc closely misses you.
Aiming: Sandblast (safe; 16% risk of failure)
Press: ? - help, Q - select action, (/) - cycle Shift-Dir - straight line, f/p - orc
Aim: an orc, wielding a +0 dagger and quivering boomerangs (81% to hit)
The blast of sand hits the orc!
You kill the orc!
The orc hits you from afar with a +0 trident.
The orc misses you. The orc attacks as it pursues you!
The orc hits you from afar with a +0 trident.
Your magical contamination has completely faded away.
The orc attacks as it pursues you!
The orc hits you from afar with a +0 trident!
Aiming: Sandblast (safe; 14% risk of failure)
Press: ? - help, Q - select action, (/) - cycle Shift-Dir - straight line, f - orc
Aim: an orc, wielding a +0 trident (81% to hit)
The blast of sand hits the orc.
The orc is heavily wounded.
The orc hits you from afar with a +0 trident.
You hit the orc priest but do no damage.
The orc hits you from afar with a +0 trident!
* * * LOW HITPOINT WARNING * * *
Casting: Sandblast (safe; 14% risk of failure)
Confirm with . or Enter, or press ? or * to list all spells.
Aiming: Ensorcelled Hibernation (safe; 11% risk of failure)
Press: ? - help, Shift-Dir - straight line, f - orc priest, p - orc
Aim: an orc priest, wielding a +0 flail (chance to affect: 43%)
The orc priest resists with some effort.
The orc priest misses you.
The orc hits you from afar with a +0 trident.
* * * LOW HITPOINT WARNING * * *
Casting: Ensorcelled Hibernation (safe; 11% risk of failure)
Confirm with . or Enter, or press ? or * to list all spells.
Aiming: Ensorcelled Hibernation (safe; 11% risk of failure)
Press: ? - help, Shift-Dir - straight line, f/p - orc priest
Aim: an orc priest, wielding a +0 flail (chance to affect: 43%)
The orc priest resists with some effort.
The orc priest calls down the wrath of Beogh upon you.
Pain shoots through your body!
You die...

##### ###......#.###### ....#
#..).....# ###.# #....#.###
###.# #......# .##.# ##...###
.##.# #...# #. ...# .##.# #...#
#####.###o...
....######...#######....#..o.o..
.##.............@oo.$.....(o.ol.
.#..................).... #<....
......................##. ##....
#..#.#####...#######...# ....
#..#.# #...# #.... .... ...#.#
###. ##†#.# ##.# ....


You could see an orc priest and an orc.

Vanquished Creatures
  3 adders
  3 dart slugs
  2 ribbon worms (D:2)
  2 orcs (D:3)
  5 endoplasms
  4 goblins
  5 hobgoblins
  10 jackals
  9 kobolds
  5 quokkas
  5 ball pythons
  9 bats
  A frilled lizard (D:1)
  2 rats
65 creatures vanquished.

Notes
Turn   | Place    | Note
-------+----------+-------------------------------------------
     0 | D:1      | voltaire321 the Kobold Enchanter began the quest for the
                  | Orb.
     0 | D:1      | Reached XP level 1. HP: 10/10 MP: 3/3
   127 | D:1      | Reached XP level 2. HP: 16/16 MP: 5/5
   266 | D:1      | Learned a level 2 spell: Ensorcelled Hibernation
   500 | D:1      | Reached XP level 3. HP: 20/20 MP: 6/6
   670 | D:1      | Reached skill level 1 in Fighting
  1316 | D:2      | Learned a level 3 spell: Confusing Touch
  1329 | D:2      | Reached XP level 4. HP: 25/25 MP: 7/7
  1369 | D:2      | Reached skill level 1 in Ice Magic
  1464 | D:2      | Learned a level 1 spell: Sandblast
  2037 | D:3      | Reached XP level 5. HP: 25/29 MP: 5/9
  2351 | D:3      | Killed from afar by an orc priest

Illustrated notes

Levels and vault maps discovered:
D:1:      kilobyte_arrival_exit_the_forest, layout_basic
D:2:      layout_basic, minmay_surrounded
D:3:      layout_loops_cross, grunt_qazlal_sundering

Skill      XL: |  1  2  3  4 |
---------------+-------------+-----
Fighting       | 1 |  1.3
Short Blades   | 2 |  2.4
Dodging        | 3 |  3.0
Ice Magic      | 1 |  1.2
Stealth        | |  4.7
Spellcasting   | |  2.7
Hexes          | |  3.3
Earth Magic    | |  0.7

Action                     |  1- 3 |  4- 6 || total
---------------------------+-------+-------++-------
  Melee: Dagger            |    82 |    51 ||   133
         Punch             |       |     1 ||     1
   Cast: Ensorcelled Hiber |     8 |    13 ||    21
         Sandblast         |       |    10 ||    10
   Stab: Sleeping          |    23 |    20 ||    43
 Armour: Robe              |    30 |    28 ||    58
  Dodge: Dodged            |    57 |    45 ||   102

Table legend: (Time is in decaauts)
 A = Elapsed time spent in this place.
 B = Non-inter-level travel time spent in this place.
 C = Inter-level travel time spent in this place.
 D = Time resting spent in this place.
 E = Time spent auto-exploring this place.
 F = Levels seen in this place.
 G = Mean time per level.
                   A        B        C        D        E       F      G
               +--------+--------+--------+--------+--------+-----+--------+
         Total |   2348 |   2213 |    135 |    318 |   1412 |   3 |  782.7 |
       Dungeon |   2348 |   2213 |    135 |    318 |   1412 |   3 |  782.7 |
               +--------+--------+--------+--------+--------+-----+--------+

Top non-repeatable levels by time:
     D:1: 1173 daAuts
     D:2: 834 daAuts
     D:3: 341 daAuts
